 Dungeon Crawl Stone Soup version 0.20-a0-640-g62ed22f (webtiles) character file.

48526 AlphabetPasta the Summoner (level 14, -7/106 HPs)
             Began as a Formicid Summoner on Feb 11, 2017.
             Was the Champion of Okawaru.
             Mangled by a sixfirhy (13 damage)
             ... on level 6 of the Lair of Beasts on Feb 12, 2017.
             The game lasted 02:57:13 (23514 turns).

AlphabetPasta the Summoner (Formicid Summoner)     Turns: 23514, Time: 02:57:15

Health: -7/106     AC: 22    Str: 15    XL:     14   Next: 87%
Magic:  17/29      EV: 19    Int: 18    God:    Okawaru [******]
Gold:   1324       SH:  7    Dex: 16    Spells: 11/30 levels left

rFire    . . .     SeeInvis +   a - +8 glaive of the Guard {elec, +Rage AC+5 SInv}
rCold    . . .     Gourm    .   J - +2 leather armour {MR+}
rNeg     . . .     Faith    .   I - +0 buckler
rPois    .         Spirit   .   (helmet unavailable)
rElec    .         Reflect  .   j - +2 cloak
rCorr    .         Harm     .   A - +0 pair of gloves
MR       ++...                  m - +2 pair of boots of the Assassin {Detection Stab+ Stlth++}
Stlth    ++++++....             (no amulet)
Regen    0.3/turn               N - +5 ring of dexterity
MPRegen  0.3/turn               v - +3 ring of slaying

@: heroism
A: permanent stasis, dig shafts and tunnels, four strong arms, antennae 3, fangs
1, talons 1, molten scales 1, high mp 1, subdued magic 1
a: Dig, Shaft Self, Heroism, Finesse, Renounce Religion


You were on level 6 of the Lair of Beasts.
You worshipped Okawaru.
Okawaru was exalted by your worship.
You were not hungry.

You visited 3 branches of the dungeon, and saw 19 of its levels.
You also visited: Ossuary, Bailey and Volcano.

You collected 1417 gold pieces.
You spent 93 gold pieces at shops.

Inventory:

Hand Weapons
 a - the +8 glaive of the Guard (weapon) {elec, +Rage AC+5 SInv}
   (Okawaru gifted it to you on level 3 of the Lair of Beasts)

   Occasionally, upon striking a foe, it will discharge some electrical energy
   and cause terrible harm.
   It affects your AC (+5).
   It lets you see invisible.
   It lets you go berserk.
 b - a +1 arbalest of flaming
 c - the +6 spear "Uzadoter" {venom, rF+++ Str+6}
   (Okawaru gifted it to you on level 2 of the Lair of Beasts)

   It poisons the flesh of those it strikes.
   It affects your strength (+6).
   It renders you almost immune to fire.
 d - a +1 bardiche
 M - a +3 halberd of electrocution
Missiles
 F - 4 javelins
 G - 54 tomahawks of returning (quivered)
 U - 3 javelins of penetration
 Z - 75 bolts
Armour
 j - a +2 cloak (worn)
 m - the +2 pair of boots of the Assassin (worn) {Detection Stab+ Stlth++}
   (You acquired it on level 9 of the Dungeon)

   It makes you much more stealthy.
 A - a +0 pair of gloves (worn)
 H - a +0 shield
 I - a +0 buckler (worn)
 J - a +2 leather armour of magic resistance (worn)
 O - +0 pearl dragon scales
Jewellery
 o - an uncursed ring of poison resistance
 v - a +3 ring of slaying (left hand)
 B - an uncursed ring of positive energy
 N - a +5 ring of dexterity (right hand)
Wands
 l - a wand of iceblast (4/15)
 q - a wand of flame (41/48)
 u - a wand of lightning (7/15)
 R - a wand of acid (7/15)
 S - a wand of digging (10/24)
 W - a wand of confusion (23/48)
 X - a wand of acid (1/15)
 Y - a wand of iceblast (7/15)
Scrolls
 f - 4 scrolls of enchant weapon
 h - 7 scrolls of remove curse
 r - 2 scrolls of fear
 y - 2 scrolls of enchant armour
 z - a scroll of fog
 P - 2 scrolls of magic mapping
Potions
 g - 5 potions of flight
 p - 6 potions of curing
 s - 3 potions of cancellation
 t - 6 potions of might
 C - 3 potions of lignification {unknown}
 D - 3 potions of brilliance
 E - 2 potions of degeneration {unknown}
 K - 5 potions of magic
 Q - 5 potions of agility
 V - a potion of invisibility {unknown}
Books
 e - a book of Callings

   Spells                             Type                      Level
   a - Summon Small Mammal            Summoning                    1
   b - Call Imp                       Summoning                    2
   c - Call Canine Familiar           Summoning                    3
   d - Summon Guardian Golem          Hexes/Summoning              3
   e - Summon Lightning Spire         Summoning/Air                4
   f - Summon Ice Beast               Ice/Summoning                4
Miscellaneous
 k - a phantom mirror
Comestibles
 i - 19 fruits
 n - 9 meat rations
 w - 17 chunks of flesh
 x - 7 bread rations
 L - 12 royal jellies


   Skills:
 + Level 8.5(13.5) Fighting
 * Level 10.7(15.7) Polearms
 + Level 4.9(9.9) Crossbows
 - Level 2.1(7.1) Throwing
 + Level 6.9(11.9) Armour
 - Level 5.0(10.0) Dodging
 - Level 5.6(10.6) Stealth
 + Level 7.3(12.3) Shields
 + Level 8.7 Spellcasting
 + Level 4.6 Charms
 * Level 12.3 Summonings
 - Level 2.0 Translocations
 - Level 5.0 Poison Magic
 + Level 8.3 Invocations


You had 11 spell levels left.
You knew the following spells:

 Your Spells              Type           Power        Failure   Level  Hunger
a - Summon Small Mammal   Summ           ####         1%          1    None
b - Call Imp              Summ           #####...     1%          2    None
c - Call Canine Familiar  Summ           #####...     1%          3    None
d - Poisonous Vapours     Pois/Air       ##....       6%          2    None
e - Shroud of Golubria    Chrm/Tloc      ###.......   3%          2    None
f - Song of Slaying       Chrm           ###.....     1%          2    None
g - Regeneration          Chrm/Necr      ##........   10%         3    None
h - Summon Ice Beast      Ice/Summ       ###.....     10%         4    ###....


Dungeon Overview and Level Annotations

Branches:
Dungeon (12/15)            Temple (1/1) D:7            Lair (6/6) D:10
  Swamp (0/4) Lair:4       Spider (0/4) Lair:4          Orc (0/2) D:11
  Slime: Lair:5-6

Altars:
Cheibriados
Dithmenos
Elyvilon
Fedhas
Gozag
Hepliaklqana
Kikubaaqudgha
Makhleb
Nemelex Xobeh
Okawaru
Qazlal
Ru
Sif Muna
Trog
Uskayaw
Xom
Yredelemnul
Zin
The Shining One

Shops:
D:4 }   D:5 [

Portals:
Trove: D:11 (give +5 ice dragon scales)

Annotations:
Lair:6 exclusion: 2 oklob plants


Innate Abilities, Weirdness & Mutations

You cannot be hasted, slowed, berserked, paralysed or teleported.
You can dig through walls and to a lower floor.
Your four strong arms can wield two-handed weapons with a shield.
You have a pair of large antennae on your head. (SInv)
You have very sharp teeth.
You have sharp toenails.
You are partially covered in molten scales. (AC +2)
You have an increased reservoir of magic. (+10% MP)
Your spells are a little easier to cast, but a little less powerful.


Message History

There is an open door here.
The sixfirhy closely misses you. The sixfirhy closely misses you. x2
The sixfirhy hits you but does no damage. x2
You feel better. The hell hound closely misses you.
Okay, then.
As you read the scroll of fear, it crumbles to dust.
You assume a fearsome visage.
The ice devil is unaffected.
The sixfirhy is unaffected.
The hell hound is unaffected.
The orange demon is unaffected.
The hell hound bites you.
* * * LOW HITPOINT WARNING * * *
Unknown command.
The sixfirhy hits you but does no damage.
The sixfirhy hits you but does no damage.
The sixfirhy hits you.
* * * LOW HITPOINT WARNING * * *
The sixfirhy shocks you!
* * * LOW HITPOINT WARNING * * *
You block the sixfirhy's attack. The sixfirhy hits you!
You die...

#.......)#...4.§
#...8.8..#...... {
#..8.#..h'..{._. {
#...8.#.†# { { ..#.8...# {
{ ...#.8..###############
#..8.8..h4.............#
#........#.4h8....8....#
♣♣♣+#########..3@.........#
♣♣P♣♣♣ ######''#######
...†.♣♣♣ ♣....♣ ♣♣♣....♣♣♣
♣♣..♣♣ ♣ ♣♣♣♣...♣♣ ♣♣♣..♣♣
♣♣...♣♣♣♣♣..♣♣♣
♣♣♣..♣♣..♣♣♣ ♣....♣♣♣
♣...♣♣


You could see an orange demon, an ice devil, a sixfirhy and 2 hell hounds.

Vanquished Creatures
  Rupert (Lair:3)
  5 hydras
  2 two-headed ogres (Volcano)
  6 death yaks
  A hell hog (Volcano)
  A wizard (Lair:6)
  An ugly thing (D:12)
  5 oklob plants
  2 cyclopes
  A salamander (Volcano)
  A manticore (D:12)
  15 elephants
  3 black mambas
  A centaur skeleton (D:10)
  12 spiny frogs
  A torpor snail (Lair:4)
  4 rime drakes
  8 komodo dragons
  A guardian mummy (D:11)
  2 hornets (D:8)
  A troll (D:10)
  A polar bear (Lair:5)
  6 blink frogs
  9 hippogriffs
  4 wraiths (Lair:4)
  A fire bat (Volcano)
  25 yaks
  2 wyverns
  3 basilisks
  2 hungry ghosts (D:11)
  Menkaure (Ossuary)
  A soldier ant (D:8)
  Edmund (D:6)
  An acid dragon (D:12)
  2 porcupines
  10 water moccasins
  4 hell hounds
  4 sky beasts
  2 orc warriors
  An ice beast (D:10)
  A slave (D:6)
  3 black bears
  A phantom (D:11)
  6 ogres
  A necrophage (D:12)
  5 wolves (Lair:4)
  7 centaurs
  13 crocodiles
  14 bullfrogs
  Blork the orc (D:4)
  A wyvern zombie (D:12)
  2 troll zombies
  A water moccasin skeleton (D:11)
  4 killer bees
  4 wights (D:7)
  4 howler monkeys
  2 electric eels (Lair:5)
  3 crimson imps
  5 centaur zombies
  3 hounds
  A human zombie (Ossuary)
  3 jellies
  8 orc wizards
  3 orc priests
  An iguana (D:9)
  8 hell rats (Lair:1)
  3 worker ants
  6 ogre zombies
  A big kobold zombie (Ossuary)
  2 human simulacra (D:11)
  5 mummies (Ossuary)
  A howler monkey zombie (D:8)
  A worker ant zombie (D:8)
  15 gnolls
  10 adders
  10 river rats (Lair:1)
  2 shadow imps
  2 oozes
  2 adder zombies (Ossuary)
  3 worms
  2 dart slugs
  4 leopard geckos
  31 orcs
  4 giant cockroaches
  11 goblins
  14 hobgoblins
  8 jackals
  7 quokkas
  A bat (D:2)
  4 frilled lizards
  7 goblin zombies
  3 hobgoblin zombies
  19 kobolds
  5 kobold zombies (Ossuary)
  4 orc skeletons (D:11)
  8 orc zombies (D:11)
  5 quokka zombies (Ossuary)
  13 rats
  4 rat zombies (Ossuary)
  22 plants
498 creatures vanquished.

Vanquished Creatures (collateral kills)
  Josephine (Lair:4)
  A hydra (Lair:6)
  Pikel (D:6)
  An ugly thing (D:11)
  A black mamba (Lair:6)
  The ghost of Danakh the Gusty, a novice DsAE of Cheibriados (D:5)
  2 blink frogs
  A meliai zombie (D:8)
  Sigmund (D:3)
  A wraith (Lair:4)
  2 orc warriors
  2 slaves (D:6)
  A sky beast (D:6)
  A black bear (D:9)
  An ice beast (D:9)
  A phantom (D:9)
  An ogre (D:4)
  3 bullfrogs
  A killer bee (D:10)
  A wight (D:7)
  A howler monkey (D:5)
  A bullfrog skeleton (D:8)
  2 hounds
  An orc priest (D:9)
  An orc wizard (D:8)
  Ijyb (D:3)
  2 worker ants (D:8)
  A hound skeleton (D:9)
  A mummy (Ossuary)
  6 adders
  An adder skeleton (D:6)
  2 worms
  11 orcs
  A ball python (D:1)
  A giant cockroach (D:4)
  A goblin (D:1)
  5 hobgoblins (D:1)
  2 jackals
  2 quokkas
  3 frilled lizards
  A hobgoblin zombie (D:11)
  2 orc zombies (D:11)
  A rat (D:1)
  A fungus (Lair:4)
76 creatures vanquished.

Vanquished Creatures (others)
  A two-headed ogre (Volcano)
  A centaur (Volcano)
  2 bullfrogs (D:11)
  An orc wizard (D:11)
  An orc (D:11)
  2 jackals (D:6)
  A quokka (D:5)
  A hobgoblin zombie (D:11)
  2 plants
12 creatures vanquished.

Grand Total: 586 creatures vanquished

Notes
Turn   | Place    | Note
-------+----------+-------------------------------------------
     0 | D:1      | AlphabetPasta the Formicid Summoner began the quest for the Orb.
     0 | D:1      | Reached XP level 1. HP: 13/13 MP: 3/3
   384 | D:1      | Reached XP level 2. HP: 15/19 MP: 0/5
   652 | D:1      | Learned a level 2 spell: Call Imp
   837 | D:1      | Reached XP level 3. HP: 24/24 MP: 6/6
   916 | D:1      | Learned a level 3 spell: Call Canine Familiar
  1223 | D:2      | Found a faded altar of an unknown god.
  1233 | D:2      | Became a worshipper of Xom of Unknown Intent
  1255 | D:2      | Reached skill level 1 in Fighting
  1597 | D:2      | Reached XP level 4. HP: 15/32 MP: 3/7
  1779 | D:2      | XOM is BORED!
  1779 | D:2      | XOM: medium Divn miscast
  2036 | D:2      | Reached skill level 1 in Armour
  2236 | D:2      | XOM: god gift: 12 stones
  2414 | D:3      | XOM: cloud trail
  2821 | D:3      | XOM: give mutation
  2821 | D:3      | Gained mutation: You have very sharp teeth. [Xom's grace]
  2884 | D:3      | XOM is BORED!
  2884 | D:3      | XOM: torment (17/32 hp)
  2927 | D:3      | Noticed Ijyb
  2935 | D:3      | Killed Ijyb
  2935 | D:3      | Reached XP level 5. HP: 25/37 MP: 2/9
  2990 | D:3      | Reached skill level 1 in Polearms
  3094 | D:3      | Reached skill level 5 in Summonings
  3100 | D:3      | XOM: summons 2 hostile demons
  3102 | D:3      | XOM: butterfly on damage
  3125 | D:3      | XOM: scenery: 1 doors open
  3349 | D:3      | Noticed Sigmund
  3362 | D:3      | Killed Sigmund
  3362 | D:3      | Reached XP level 6. HP: 25/43 MP: 1/10
  3518 | D:3      | XOM: god gift: 3 javelins of penetration
  3524 | D:3      | XOM: potion effect (curing)
  3540 | D:3      | XOM: cloud trail
  3870 | D:4      | Learned a level 3 spell: Call Canine Familiar
  3879 | D:4      | Found Maitec's Gadget Boutique.
  3898 | D:4      | Bought a wand of flame (15/48) for 93 gold pieces
  4008 | D:4      | Noticed an ogre
  4017 | D:4      | Killed an ogre
  4091 | D:4      | Found a sand-covered staircase.
  4095 | Ossuary  | XOM: noise
  4095 | Ossuary  | Entered an ossuary
  4123 | Ossuary  | XOM: butterfly on damage
  4391 | Ossuary  | Reached XP level 7. HP: 47/48 MP: 12/12
  4523 | Ossuary  | Reached skill level 6 in Summonings
  4532 | Ossuary  | XOM: give mutations
  4532 | Ossuary  | Gained mutation: You are dopey. (Int -2) [Xom's mischief]
  4532 | Ossuary  | Gained mutation: You are clumsy. (Dex -2) [Xom's mischief]
  5022 | Ossuary  | XOM is BORED!
  5025 | Ossuary  | Noticed Menkaure
  5031 | Ossuary  | XOM: summons friendly white imp
  5041 | Ossuary  | Killed Menkaure
  5041 | Ossuary  | Reached XP level 8. HP: 40/56 MP: 7/14
  5337 | D:4      | XOM: divination: detect creatures
  5451 | D:4      | Noticed Blork the orc
  5458 | D:4      | Killed Blork the orc
  5458 | D:4      | Reached skill level 1 in Shields
  5768 | D:5      | Entered Level 5 of the Dungeon
  5781 | D:5      | Noticed Danakh's ghost (novice DsAE)
  5808 | D:4      | XOM: cloud trail
  6009 | D:5      | Identified a scroll of acquirement
  6046 | D:5      | Reached skill level 7 in Summonings
  6091 | D:5      | XOM: butterfly on damage
  6102 | D:5      | XOM: scenery: create altars
  6159 | D:5      | XOM: give mutation
  6159 | D:5      | Gained mutation: You have an increased reservoir of magic. (+10% MP) [Xom's grace]
  6203 | D:5      | Found Umophyrch's Armour Emporium.
  6259 | D:5      | Found a glowing golden altar of the Shining One.
  6486 | D:5      | XOM: divination: detect items
  6806 | D:5      | XOM: fog
  6807 | D:5      | XOM: enchant monster (good)
  6820 | D:5      | Killed Danakh's ghost
  6820 | D:5      | Reached XP level 9. HP: 53/64 MP: 12/17
  6823 | D:5      | Identified Xom's Spellcraft, Part Two (Xom gifted it to you on level 5 of the Dungeon)
  6823 | D:5      | XOM: god gift: Xom's Spellcraft, Part Two
  6828 | D:5      | Learned a level 2 spell: Poisonous Vapours
  6869 | D:5      | Reached skill level 5 in Polearms
  6922 | D:5      | XOM: scenery: 1 doors close
  6924 | D:6      | Found a glowing silver altar of Zin.
  6974 | D:6      | Noticed Pikel
  6976 | D:6      | XOM: cast spell 'Discord'
  6980 | D:6      | Killed Pikel
  6980 | D:6      | Reached skill level 5 in Spellcasting
  6980 | D:6      | Reached skill level 1 in Poison Magic
  7190 | D:6      | XOM: smoke on damage
  7636 | D:6      | XOM: give mutations
  7636 | D:6      | Gained mutation: Your spells are a little harder to cast, but a little more powerful. [Xom's grace]
  7636 | D:6      | Gained mutation: You are surrounded by a mild repulsion field. (EV +2) [Xom's grace]
  7636 | D:6      | Gained mutation: Your flesh is cold resistant. (rC+) [Xom's grace]
  7636 | D:6      | Gained mutation: You are partially covered in iridescent scales. (AC +2) [Xom's grace]
  7720 | D:6      | Noticed Edmund
  7723 | D:6      | XOM: destruction
  7730 | D:6      | Killed Edmund
  7767 | D:6      | Found a hide-covered altar of Uskayaw.
  7840 | D:6      | Found a shadowy altar of Dithmenos.
  8029 | D:7      | Found a glowing silver altar of Zin.
  8050 | D:7      | XOM: mild Hex miscast
  8079 | D:7      | Found a blossoming altar of Fedhas.
  8081 | D:7      | Found a stormy altar of Qazlal.
  8083 | D:7      | Found a staircase to the Ecumenical Temple.
  8101 | Temple   | Entered the Ecumenical Temple
  8139 | Temple   | Fell from the grace of Xom
  8139 | Temple   | Became a worshipper of Warmaster Okawaru
  8175 | D:7      | Found a flagged portal.
  8180 | D:7      | Reached skill level 8 in Summonings
  8202 | Bailey   | Entered a bailey
  8396 | Bailey   | XOM: mild Fire miscast
  9080 | D:7      | Found an opulent altar of Gozag.
  9088 | D:7      | Reached skill level 1 in Invocations
  9216 | D:7      | Reached XP level 10. HP: 58/71 MP: 14/19
  9437 | D:8      | Reached * piety under Okawaru
  9547 | D:8      | XOM: give mutations
  9547 | D:8      | Lost mutation: You are partially covered in iridescent scales. (AC +2) [Xom's mischief]
  9547 | D:8      | Lost mutation: You are dopey. (Int -2) [Xom's mischief]
  9547 | D:8      | Lost mutation: Your spells are a little harder to cast, but a little more powerful. [Xom's mischief]
  9582 | D:8      | Reached skill level 1 in Throwing
  9757 | D:8      | XOM: give mutations
  9757 | D:8      | Gained mutation: Your mind is acute. (Int +2) [Xom's mischief]
  9757 | D:8      | Lost mutation: You are clumsy. (Dex -2) [Xom's mischief]
  9757 | D:8      | Gained mutation: Scrolls take you a little longer to read. [Xom's mischief]
 10507 | D:9      | Reached ** piety under Okawaru
 10579 | D:9      | Reached skill level 9 in Summonings
 10603 | D:9      | Found a bloodstained altar of Trog.
 10810 | D:9      | XOM: polymorph orc wizard -> killer bee
 11000 | D:10     | Entered Level 10 of the Dungeon
 11135 | D:9      | Reached skill level 5 in Fighting
 11281 | D:10     | Reached *** piety under Okawaru
 11287 | D:10     | Reached XP level 11. HP: 73/79 MP: 18/22
 11341 | D:10     | Found a hazy altar of Hepliaklqana.
 11363 | D:10     | Found a staircase to the Lair.
 11363 | D:10     | Noticed an oklob plant
 11521 | D:10     | Killed an oklob plant
 11524 | D:10     | XOM: medium Air miscast
 11571 | D:10     | XOM: noise
 11751 | D:10     | You fall through a shaft!
 12300 | D:10     | Upgraded the game from 0.20-a0-636-g32200f4 to 0.20-a0-638-gd210ae2
 12527 | D:11     | Noticed a cyan ugly thing
 12532 | D:11     | Killed a cyan ugly thing
 12532 | D:11     | Reached **** piety under Okawaru
 12595 | D:11     | Found a portal to a secret trove of treasure.
 12655 | D:11     | XOM: medium Summ miscast
 12741 | D:11     | Found a staircase to the Orcish Mines.
 12819 | D:11     | Noticed a cyclops
 12822 | D:11     | Killed a cyclops
 12822 | D:11     | Reached ***** piety under Okawaru
 12826 | D:11     | Received a gift from Okawaru
 12951 | D:11     | XOM: medium Fire miscast
 13222 | D:11     | Learned a level 2 spell: Shroud of Golubria
 13266 | D:12     | XOM: noise
 13316 | D:12     | Noticed a manticore
 13317 | D:12     | Killed a manticore
 13352 | D:12     | Received a gift from Okawaru
 13368 | D:12     | Got a spiked crystal plate armour {god gift}
 13379 | D:12     | Identified the +9 crystal plate armour "Idom" {+Blink rElec rF+ Dex+3} (Okawaru gifted it to you on level 12 of the Dungeon)
 13472 | D:12     | Noticed a white ugly thing
 13480 | D:12     | Killed a white ugly thing
 13816 | D:12     | Noticed a cyclops
 13820 | D:12     | Killed a cyclops
 13820 | D:12     | Reached skill level 5 in Poison Magic
 13964 | D:12     | Reached skill level 1 in Crossbows
 13964 | D:12     | Reached skill level 10 in Summonings
 13964 | D:12     | Reached skill level 5 in Invocations
 14173 | D:11     | Noticed a red ugly thing
 14267 | Lair:1   | Entered Level 1 of the Lair of Beasts
 14311 | Lair:1   | XOM: mild Erth miscast
 14489 | D:10     | XOM: mild Divn miscast
 14535 | D:10     | Reached XP level 12. HP: 88/88 MP: 24/24
 14538 | D:10     | XOM: give mutations
 14538 | D:10     | Lost mutation: Scrolls take you a little longer to read. [Xom's mischief]
 14538 | D:10     | Gained mutation: You have sharp toenails. [Xom's mischief]
 14538 | D:10     | Lost mutation: Your mind is acute. (Int +2) [Xom's mischief]
 14538 | D:10     | Lost mutation: Your flesh is cold resistant. (rC+) [Xom's mischief]
 14559 | D:10     | Reached skill level 1 in Charms
 14757 | D:10     | Reached skill level 5 in Stealth
 14912 | D:10     | XOM: severe Fire miscast
 15367 | D:10     | XOM: give mutation
 15367 | D:10     | Gained mutation: Your spells are a little easier to cast, but a little less powerful. [Xom's mischief]
 15477 | Lair:1   | Noticed a five-headed hydra
 15483 | Lair:1   | Killed a six-headed hydra
 15483 | Lair:1   | Reached skill level 5 in Dodging
 15586 | Lair:1   | Received a gift from Okawaru
 15771 | Lair:1   | XOM: mild Chrm miscast
 16002 | Lair:1   | XOM: give mutations
 16002 | Lair:1   | Gained mutation: Scrolls take you a little longer to read. [Xom's mischief]
 16002 | Lair:1   | Gained mutation: Your body sometimes deteriorates upon taking damage. [Xom's mischief]
 16002 | Lair:1   | Lost mutation: Scrolls take you a little longer to read. [Xom's mischief]
 16021 | Lair:1   | Reached skill level 1 in Translocations
 16142 | Lair:1   | XOM: give mutations
 16142 | Lair:1   | Lost mutation: Your body sometimes deteriorates upon taking damage. [Xom's mischief]
 16142 | Lair:1   | Gained mutation: You are partially covered in molten scales. (AC +2) [Xom's mischief]
 16142 | Lair:1   | Gained mutation: Your mind is acute. (Int +2) [Xom's mischief]
 16142 | Lair:1   | Lost mutation: Your mind is acute. (Int +2) [Xom's mischief]
 16165 | Lair:1   | XOM: mild Tloc miscast
 16329 | Lair:2   | Found a dark tunnel.
 16351 | Volcano  | Entered a volcano
 16366 | Volcano  | Noticed a two-headed ogre
 16368 | Volcano  | Killed a two-headed ogre
 16369 | Volcano  | Noticed a hell hog
 16372 | Volcano  | Killed a hell hog
 16382 | Volcano  | XOM: summons 14 hostile demons
 16456 | Volcano  | Killed a two-headed ogre
 16480 | Volcano  | Noticed a two-headed ogre
 16480 | Volcano  | Killed a two-headed ogre
 16726 | Volcano  | HP: 3/89 [something (26)]
 17051 | Lair:2   | Learned a level 2 spell: Song of Slaying
 17055 | Lair:2   | Learned a level 3 spell: Regeneration
 17206 | Lair:2   | Reached ****** piety under Okawaru
 17224 | Lair:2   | Reached XP level 13. HP: 42/96 MP: 21/26
 17543 | Lair:2   | Received a gift from Okawaru
 17558 | Lair:2   | Reached skill level 5 in Armour
 17567 | Lair:2   | Got a smoking spear {god gift}
 17568 | Lair:2   | Identified the +6 spear "Uzadoter" {venom, rF+++ Str+6} (Okawaru gifted it to you on level 2 of the Lair of Beasts)
 17607 | Lair:2   | XOM: cloud trail
 17717 | Lair:2   | XOM: give mutations
 17717 | Lair:2   | Gained mutation: You are partially covered in slimy green scales. (AC +2) [Xom's mischief]
 17717 | Lair:2   | Lost mutation: You are surrounded by a mild repulsion field. (EV +2) [Xom's mischief]
 17820 | Lair:2   | Reached skill level 5 in Shields
 17893 | Lair:3   | Reached skill level 11 in Summonings
 17994 | Lair:3   | XOM: medium Necr miscast
 18090 | Lair:3   | Noticed Rupert
 18104 | Lair:3   | Killed Rupert
 18104 | Lair:3   | Received a gift from Okawaru
 18306 | Lair:3   | Learned a level 4 spell: Summon Ice Beast
 18516 | Lair:3   | XOM: medium Necr miscast
 18943 | Lair:4   | Reached skill level 10 in Polearms
 18945 | Lair:4   | Found a staircase to the Swamp.
 18952 | Lair:4   | Found a hole to the Spider Nest.
 18970 | Lair:4   | XOM: mild Necr miscast
 19083 | Lair:4   | Noticed an eight-headed hydra
 19096 | Lair:4   | Killed a nine-headed hydra
 19281 | Lair:4   | XOM: give mutation
 19281 | Lair:4   | Lost mutation: You are partially covered in slimy green scales. (AC +2) [Xom's mischief]
 19363 | Lair:4   | Noticed Josephine
 19378 | Lair:4   | Killed Josephine
 19733 | Lair:5   | XOM: noise
 19763 | Lair:5   | XOM: summons 4 hostile demons
 19763 | Lair:5   | Was forgiven by Xom
 19912 | Lair:5   | Received a gift from Okawaru
 20105 | Lair:4   | Reached XP level 14. HP: 98/104 MP: 28/28
 21090 | Lair:5   | Found an ancient bone altar of Kikubaaqudgha.
 21220 | Lair:5   | Reached skill level 12 in Summonings
 22347 | Lair:6   | Entered Level 6 of the Lair of Beasts
 22502 | Lair:6   | Received a gift from Okawaru
 23064 | Lair:6   | Upgraded the game from 0.20-a0-638-gd210ae2 to 0.20-a0-640-g62ed22f
 23491 | Lair:6   | Found a burning altar of Makhleb.
 23514 | Lair:6   | Mangled by a sixfirhy

Vault maps used:
D:1:      lightli_iron_boxes
D:2:      chequers_ecumenical_altar_island, dk_noncrumbling_3
D:3:      uniq_sigmund, uniq_iyjb
D:4:      serial_shops, shop, first_bread, enter_ossuary_5, uniq_blork_the_orc
D:5:      basic_altar, serial_shops, shop
D:6:      nicolae_dithmenos_through_a_glass_darkly,
          nicolae_overflow_hidden_temple, basic_altar, uniq_edmund, uniq_pikel
D:7:      grunt_temple_overflow_forces_of_nature, nicolae_gozag_seed_capital,
          temple_fountains, enter_bailey_3, basic_altar
D:8:      hangedman_pestilent_swarm, kennysheep_generic_room_9
D:9:      trog_ov_bears_minmay
D:10:     dpeg_oklobed_lair, basic_altar
D:11:     zombieorc1_lemuel, nicolae_trove_entry_path_of_doom, bh_circular_ruins
D:12:     eino_curves_01
Temple:   regret_index_temple_sphere_string
Lair:1:   lemuel_ratsnest, lemuel_fruit_tree, grunt_megastairs_1,
          serial_bayou_shore_b
Lair:2:   enter_volcano_1
Lair:3:   uniq_rupert
Lair:4:   swamp_mist, spider_nest_entry_web_field, uniq_josephine
Lair:5:   minmay_lair_oklob_tunnel, lemuel_centaur_altar
Lair:6:   evil_forest, minmay_slime_entry_oklob_enclosed, serial_bayou_crossing,
          minmay_lair_oklob_chamber
Ossuary:  ossuary_boxes_badplayer
Bailey:   bailey_axe_2, bailey
Volcano:  volcano_village

Skill      XL: |  1  2  3  4  5  6  7  8  9 10 11 12 13 14 |
---------------+-------------------------------------------+-----
Dodging        | 2 3 4 5 |  5.0
Fighting       | 1 2 3 5 6 7 8 |  8.5
Armour         | 1 2 4 5 6 |  6.9
Spellcasting   | 3 4 5 6 7 8 |  8.7
Polearms       | 1 2 3 4 5 6 8 9 10 | 10.7
Summonings     | 5 6 7 8 9 10 11 12 | 12.3
Shields        | 2 3 4 6 7 |  7.3
Poison Magic   | 2 3 5 |  5.0
Invocations    | 1 3 5 6 7 8 |  8.3
Throwing       | 2 |  2.1
Stealth        | 4 5 |  5.6
Crossbows      | 1 2 4 |  4.9
Charms         | 2 3 4 |  4.6
Translocations | 1 2 |  2.0

Action                   |  1- 3 |  4- 6 |  7- 9 | 10-12 | 13-15 || total
-------------------------+-------+-------+-------+-------+-------++-------
Melee: Unarmed           |     9 |       |       |       |       ||     9
       Dagger            |    81 |    29 |       |       |       ||   110
       Bardiche          |       |   182 |   291 |       |       ||   473
       Bite              |       |     8 |    13 |    51 |    64 ||   136
       Halberd           |       |       |    84 |   609 |    84 ||   777
       Glaive            |       |       |       |       |   405 ||   405
       Spear             |       |       |       |       |    41 ||    41
Throw: Javelin           |    28 |    32 |    47 |     4 |       ||   111
       Tomahawk          |       |       |    40 |    55 |       ||    95
 Cast: Summon Small Mamm |    13 |     1 |       |       |       ||    14
       Call Canine Famil |     2 |     9 |    20 |    23 |     8 ||    62
       Call Imp          |     1 |     8 |    11 |    14 |       ||    34
       Shroud of Golubri |       |       |       |     1 |       ||     1
       Summon Ice Beast  |       |       |       |       |    14 ||    14
       Regeneration      |       |       |       |       |     1 ||     1
       Song of Slaying   |       |       |       |       |     1 ||     1
Invok: Heroism           |       |       |       |     1 |     6 ||     7
       Finesse           |       |       |       |     1 |     2 ||     3
 Abil: Shaft Self        |       |       |       |     1 |       ||     1
       Dig               |       |       |       |     1 |     4 ||     5
Evoke: Wand              |       |     5 |     1 |       |       ||     6
  Use: Scroll            |     5 |     5 |     7 |    11 |     4 ||    32
       Potion            |       |     2 |     3 |     9 |     5 ||    19
 Stab: Sleeping          |     6 |     8 |    25 |    47 |    26 ||   112
       Distracted        |     1 |     1 |     1 |     7 |     7 ||    17
       Paralysed         |       |       |     2 |       |       ||     2
  Eat: Chunk             |     2 |     9 |    13 |    20 |    14 ||    58
       Royal jelly       |       |     2 |     2 |       |     4 ||     8
       Fruit             |       |       |       |     9 |     1 ||    10
Armor: Robe              |    23 |    39 |       |       |       ||    62
       Leather armour    |       |    66 |   138 |   198 |   189 ||   591
Dodge: Dodged            |    50 |   209 |   296 |   422 |   321 ||  1298
Block: Buckler           |       |       |    38 |   149 |   114 ||   301
